 Dungeon Crawl Stone Soup version 0.17.1-1-g73c8601 (webtiles) character file.

11430 lethediver the Tainter (level 11, -16/74 HPs)
             Began as an Octopode Venom Mage on Jan 3, 2016.
             Was the Champion of Sif Muna.
             Demolished by an orc knight
             ... wielding a +0 battleaxe
              (18 damage)
             ... on level 2 of the Orcish Mines.
             The game lasted 00:55:04 (13494 turns).

lethediver the Tainter (Octopode Venom Mage)       Turns: 13494, Time: 00:55:04

Health: -16/74     AC:  6    Str:  9    XL:     11   Next: 77%
Magic:  0/21       EV: 17    Int: 18    God:    Sif Muna [******]
Gold:   630        SH:  0    Dex: 23    Spells: 7 memorised, 3 levels left

rFire  . . .     SeeInvis .     R - +7 whip "Beurysit" {slash, rPois Dex+7}
rCold  . . .     Clarity  .     (no shield)
rNeg   . . .     SustAt   .     (helmet restricted)
rPois  +         Gourm    .     J - amulet of guardian spirit
rElec  .         Spirit   +     r - +3 ring of protection
rCorr  .         Warding  .     g - +4 ring of evasion
rMut   .         Stasis   .     C - +2 ring of protection
MR     .....                    K - ring of wizardry
Stlth  ++++......               N - ring of flight
                                l - +4 ring of dexterity
                                (no ring)
                                (no ring)

@: lethally poisoned (-16 -> -18), not resistant to hostile enchantments,
stealthy
A: almost no armour, amphibious, 8 rings, constrict 8, camouflage 1, dopey 1,
poison resistance, spit poison 2, gelatinous body 1
a: Spit Poison, Channel Energy, Forget Spell, Renounce Religion, Evoke Flight


You were on level 2 of the Orcish Mines.
You worshipped Sif Muna.
Sif Muna was exalted by your worship.
You were not hungry.

You visited 3 branches of the dungeon, and saw 13 of its levels.

You collected 682 gold pieces.
You spent 52 gold pieces at shops.

Inventory:

Hand Weapons
 R - the +7 whip "Beurysit" (weapon) {slash, rPois Dex+7}
   (You took it off Grum on level 9 of the Dungeon)

   It inflicts extra damage upon your enemies.
   It affects your dexterity (+7).
   It protects you from poison.
Jewellery
 g - a +4 ring of evasion (right tentacle)
 l - a +4 ring of dexterity (on tentacle)
 r - a +3 ring of protection (left tentacle)
 C - a +2 ring of protection (on tentacle)
 J - an amulet of guardian spirit (around mantle)
 K - a ring of wizardry (on tentacle)
 N - a ring of flight (on tentacle)
Wands
 x - a wand of digging (18)
 B - a wand of fireball (2)
 E - a wand of teleportation (4)
 L - a wand of frost (6)
 M - a wand of lightning (2)
Scrolls
 c - a scroll of immolation
 m - a scroll of remove curse
 o - 2 scrolls of enchant weapon
 p - 4 scrolls of recharging
 t - 2 scrolls of amnesia
 y - 2 scrolls of teleportation
Potions
 d - 4 potions of heal wounds
 e - a potion of brilliance {unknown}
 h - 2 potions of might
 k - 10 potions of curing
 q - a potion of resistance
 v - a potion of lignification {unknown}
 D - a potion of magic
Books
 n - a Young Poisoner's Handbook

   Spells                             Type                      Level
   a - Sting                          Conjuration/Poison           1
   b - Cure Poison                    Poison                       2
   c - Mephitic Cloud                 Conjuration/Poison/Air       3
   d - Olgreb's Toxic Radiance        Poison                       4
   e - Venom Bolt                     Conjuration/Poison           5
 P - a book of Geomancy

   Spells                             Type                      Level
   a - Sandblast                      Earth                        1
   b - Stoneskin                      Transmutation/Earth          2
   c - Passwall                       Transmutation/Earth          3
   d - Stone Arrow                    Conjuration/Earth            3
   e - Petrify                        Transmutation/Earth          4
   f - Lee's Rapid Deconstruction     Earth                        5
Comestibles
 a - 5 chunks of flesh
 b - 10 bread rations
 f - 6 meat rations
 i - 2 slices of pizza
 s - a fruit
 z - a beef jerky
 I - 6 royal jellies


   Skills:
 - Level 6.6 Fighting
 - Level 2.1 Dodging
 - Level 2.6 Stealth
 - Level 7.1 Spellcasting
 - Level 9.9 Conjurations
 - Level 2.2 Transmutations
 - Level 3.5 Earth Magic
 - Level 11.0 Poison Magic
 + Level 7.7 Invocations


You had 3 spell levels left.
You knew the following spells:

 Your Spells              Type           Power        Failure   Level  Hunger
a - Sting                 Conj/Pois      ####         1%          1    None
b - Passwall              Trmt/Erth      ###.......   4%          3    ##.....
c - Cure Poison           Pois           #####.....   1%          2    None
d - Mephitic Cloud        Conj/Pois/Air  ####....     1%          3    ##.....
f - Venom Bolt            Conj/Pois      #####.....   1%          5    #####..
g - Stone Arrow           Conj/Erth      ####..       1%          3    ##.....
Z - Olgreb's Toxic Radia  Pois           #####...     1%          4    ####...


Dungeon Overview and Level Annotations

Branches:
Dungeon (10/15)            Temple (1/1) D:4            Lair (0/8) D:8
    Orc (2/4) D:9

Altars:
Ashenzari
Cheibriados
Dithmenos
Elyvilon
Fedhas
Gozag
Kikubaaqudgha
Makhleb
Nemelex Xobeh
Okawaru
Ru
Sif Muna
Trog
Vehumet
Xom
Yredelemnul
Zin
The Shining One
Beogh
Lugonu

Shops:
D:4 *   D:6 [   D:8 *

Portals:
Trove: D:10 (give wand of hasting (8))

Annotations:
D:5 exclusion: centaur
D:6 exclusions: crimson imp and ice beast
D:7 exclusion: hungry ghost
D:8 exclusion: downstairs


Innate Abilities, Weirdness & Mutations

You cannot wear most types of armour.
You are amphibious.
You can wear up to eight rings at the same time.
You can use your tentacles to constrict eight enemies at once.
Your skin changes colour to match your surroundings (Stealth).
Your rubbery body absorbs attacks (AC +1).
You are dopey. (Int -2)
Your system is resistant to poisons.
You can spit poison.


Message History

As you read the scroll labeled ERHA YNAGRE, it crumbles to dust.
It is a scroll of enchant armour.
You aren't carrying any armour which can be enchanted further.
The orc warrior barely misses you. The orc closely misses you.
The orc priest calls upon Beogh to heal the orc warrior.
The orc warrior is healed somewhat.
Unknown command.
Unknown command.
Read which item? (? for menu, Esc to quit)
As you read the scroll labeled IKO DYSOXEURYU, it crumbles to dust.
You feel a surge of unholy energy.
The orc knight convulses!
The orc convulses!
The orc warrior convulses! x3
The orc convulses!
The orc warrior convulses!
The orc warrior convulses!
The orc priest convulses!
The orc wizard convulses!
The orc convulses!
The orc shouts!
The orc warrior convulses! x2
The orc convulses! x3
It was a scroll of torment.
The orc hits you but does no damage.
The orc knight hits you with a battleaxe!!
You die...

**,,,............###.#*
*,,,..............#...*
*,,,o.........##.....**
**,,..)>....#.#.....,*
*,,.......)......#,**
**,,#.......$o.ooo##*
*,,,#.......)oo.o#.##
*,,,o.......oooooo..##
**,,.o..)...o@oo.....#
**,,.......)..o......#
*,,,.$.........##.#.##
**,,#.........#######
***###.###..## ##* ####


You could see an orc knight, 7 orc warriors, an orc priest, an orc wizard and 7
orcs.

Vanquished Creatures
  The ghost of Dharmy the Conjurer, a novice DgWz (D:8)
  A hill giant (D:8)
  A centaur zombie (D:9)
  A komodo dragon (D:8)
  A queen bee (D:8)
  A two-headed ogre (D:8)
  Prince Ribbit (D:6)
  Sigmund (D:5)
  A wyvern (D:9)
  2 humans (D:9)
  Grum (D:9)
  7 yaks (D:9)
  2 wolves (D:9)
  Menkaure (D:5)
  A warg (Orc:1)
  Edmund (D:5)
  A water moccasin (D:7)
  Duvessa (D:5)
  2 ice beasts
  2 sky beasts (D:8)
  A wasp (D:9)
  9 orc warriors
  3 centaurs
  2 ogres
  2 elf zombies (D:8)
  A big kobold (D:7)
  A wyvern zombie (D:9)
  4 elf skeletons (D:8)
  Dowan (D:5)
  5 giant frogs
  5 scorpions
  A water moccasin skeleton (D:10)
  41 killer bees
  19 orc wizards
  A human zombie (D:8)
  A giant frog zombie (D:9)
  A centaur skeleton (D:8)
  17 orc priests
  6 hounds
  4 jellies
  Terence (D:3)
  A giant frog skeleton (D:9)
  A human skeleton (D:8)
  7 worker ants
  2 iguanas (D:7)
  2 hound skeletons (D:5)
  A worker ant zombie (D:9)
  8 gnolls
  7 adders
  2 shadow imps (D:7)
  A worm (D:2)
  4 giant geckos
  91 orcs
  8 bats
  8 giant cockroaches
  7 goblins
  11 hobgoblins
  6 jackals
  12 kobolds
  4 quokkas
  A ball python (D:4)
  4 giant newts
  3 orc skeletons (D:8)
  A quokka zombie (D:6)
  2 rats
350 creatures vanquished.

Vanquished Creatures (others)
  A giant newt (D:3)
  A plant (D:8)
2 creatures vanquished.

Grand Total: 352 creatures vanquished

Notes
Turn   | Place    | Note
--------------------------------------------------------------
     0 | D:1      | lethediver the Octopode Venom Mage began the quest for the Orb.
     0 | D:1      | Reached XP level 1. HP: 11/11 MP: 3/3
   125 | D:1      | Reached skill level 5 in Poison Magic
   125 | D:1      | Reached XP level 2. HP: 17/17 MP: 0/5
   806 | D:1      | Reached XP level 3. HP: 14/21 MP: 0/6
   811 | D:1      | Learned a level 3 spell: Mephitic Cloud
  1071 | D:1      | Reached skill level 1 in Conjurations
  1680 | D:2      | Reached XP level 4. HP: 18/27 MP: 4/7
  2599 | D:3      | Reached skill level 1 in Fighting
  2636 | D:3      | Noticed Terence
  2654 | D:3      | Killed Terence
  2654 | D:3      | Reached XP level 5. HP: 23/34 MP: 0/8
  2975 | D:3      | Found a radiant altar of Vehumet.
  3043 | D:4      | Found a bloodstained altar of Trog.
  3182 | D:5      | Entered Level 5 of the Dungeon
  3422 | D:4      | Found Zin's Purification Station.
  3425 | D:4      | Found a snail-covered altar of Cheibriados.
  3427 | D:4      | Found a glowing silver altar of Zin.
  3447 | D:4      | Found a staircase to the Ecumenical Temple.
  3491 | D:4      | Found a burning altar of Makhleb.
  3494 | D:4      | Found a sacrificial altar of Ru.
  3495 | D:4      | Found a blossoming altar of Fedhas.
  4016 | D:5      | Reached XP level 6. HP: 22/43 MP: 2/9
  4022 | D:5      | Learned a level 4 spell: Olgreb's Toxic Radiance
  4088 | D:5      | Noticed Sigmund
  4183 | D:5      | Killed Sigmund
  4183 | D:5      | Reached skill level 5 in Fighting
  4366 | D:5      | Reached XP level 7. HP: 50/50 MP: 2/10
  4484 | D:5      | Found a shadowy altar of Dithmenos.
  4489 | D:5      | Noticed Edmund
  4504 | D:5      | Noticed Dowan
  4573 | D:5      | Killed Edmund
  4573 | D:5      | Reached skill level 6 in Fighting
  4694 | D:5      | Noticed Menkaure
  4791 | Temple   | Entered the Ecumenical Temple
  4822 | Temple   | Became a worshipper of Sif Muna the Loreminder
  4979 | D:5      | Killed Menkaure
  5000 | D:5      | Noticed Duvessa
  5010 | D:5      | Killed Duvessa
  5010 | D:5      | Reached skill level 7 in Poison Magic
  5010 | D:5      | Reached XP level 8. HP: 58/58 MP: 0/11
  5019 | D:5      | Killed Dowan
  5284 | D:5      | Noticed a centaur
  5357 | D:5      | Reached skill level 8 in Poison Magic
  5603 | D:5      | Reached * piety under Sif Muna
  5691 | D:6      | Noticed Prince Ribbit
  5698 | D:6      | Killed Prince Ribbit
  5698 | D:6      | Reached skill level 9 in Poison Magic
  5890 | D:6      | Found Yquts's Armour Shop.
  5975 | D:6      | Found a shattered altar of Ashenzari.
  6054 | D:6      | Found a glowing golden altar of the Shining One.
  6229 | D:6      | Reached skill level 10 in Poison Magic
  6422 | D:6      | Reached ** piety under Sif Muna
  6612 | D:7      | Reached skill level 11 in Poison Magic
  6612 | D:7      | Reached XP level 9. HP: 54/63 MP: 7/12
  6732 | D:7      | Learned a level 5 spell: Venom Bolt
  6781 | D:7      | Reached *** piety under Sif Muna
  7029 | D:7      | Reached skill level 5 in Conjurations
  7120 | D:7      | Learned a level 2 spell: Cure Poison
  7252 | D:7      | Gained mutation: You are dopey. (Int -2) [potion of mutation]
  7252 | D:7      | Gained mutation: Your system is resistant to poisons. [potion of mutation]
  7252 | D:7      | Gained mutation: You can spit weak poison. [potion of mutation]
  7899 | D:7      | Reached skill level 5 in Spellcasting
  7953 | D:8      | Noticed a hill giant
  7972 | D:8      | Killed a hill giant
  7972 | D:8      | Reached **** piety under Sif Muna
  7972 | D:8      | Reached XP level 10. HP: 40/69 MP: 6/20
  8027 | D:8      | Found a staircase to the Lair.
  8028 | D:8      | Noticed a komodo dragon
  8123 | D:8      | Found Kuhoitin's General Store.
  8210 | D:8      | Found a white marble altar of Elyvilon.
  8258 | D:8      | Noticed Dharmy's ghost (novice DgWz)
  8428 | D:8      | Bought a scroll of identify for 26 gold pieces
  8428 | D:8      | Bought a scroll of identify for 26 gold pieces
  8558 | D:8      | Reached ***** piety under Sif Muna
  8880 | D:9      | HP: 3/69 [centaur/wand of lightning (14)]
  8903 | D:9      | Found an iron altar of Okawaru.
  9346 | D:8      | Killed a komodo dragon
  9881 | D:9      | Reached ****** piety under Sif Muna
  9881 | D:9      | Received a gift from Sif Muna
  9881 | D:9      | Reached XP level 11. HP: 30/74 MP: 1/21
 10012 | D:8      | Learned a level 3 spell: Stone Arrow
 10216 | D:8      | Killed Dharmy's ghost
 10405 | D:9      | HP: 3/74 [killer bee (6)]
 10409 | D:9      | Noticed Grum
 10426 | D:9      | Reached skill level 5 in Invocations
 10779 | D:9      | Learned a level 3 spell: Passwall
 11237 | D:9      | Killed Grum
 11245 | D:9      | Got a transparent whip {slash}
 11246 | D:9      | Identified the +7 whip "Beurysit" {slash, rPois Dex+7} (You took it off Grum on level 9 of the Dungeon)
 11439 | D:9      | Found a staircase to the Orcish Mines.
 11441 | D:9      | Reached skill level 1 in Earth Magic
 11462 | D:9      | Found a roughly hewn altar of Beogh.
 11485 | D:9      | Gained mutation: You can spit poison. [potion of beneficial mutation]
 11968 | D:10     | Entered Level 10 of the Dungeon
 12449 | D:10     | Found a portal to a secret trove of treasure.
 12554 | Orc:1    | Entered Level 1 of the Orcish Mines
 12562 | Orc:1    | Reached skill level 1 in Transmutations
 12780 | Orc:1    | Found a bloodstained altar of Trog.
 13475 | Orc:2    | Noticed an orc knight
 13490 | Orc:2    | HP: 2/74 [orc warrior/tomahawk of dispersal[an orc knight] (15)]
 13494 | Orc:2    | Demolished by an orc knight

Action                   |  1- 3 |  4- 6 |  7- 9 | 10-12 || total
-------------------------+-------+-------+-------+-------++-------
Melee: Unarmed           |     5 |       |       |       ||     5
       Rapier            |    18 |    23 |   116 |   127 ||   284
       Short sword       |       |       |       |   145 ||   145
       Whip              |       |       |       |   140 ||   140
 Fire: Blowgun           |       |       |     2 |       ||     2
 Cast: Sting             |    62 |    96 |   106 |    92 ||   356
       Mephitic Cloud    |     1 |     7 |    21 |    33 ||    62
       Olgreb's Toxic Ra |       |       |     3 |    21 ||    24
       Venom Bolt        |       |       |     1 |     6 ||     7
       Cure Poison       |       |       |     1 |     5 ||     6
       Stone Arrow       |       |       |       |    22 ||    22
Invok: Channel Energy    |       |       |       |    12 ||    12
Evoke: Wand              |       |       |     2 |     5 ||     7
  Use: Scroll            |       |     5 |    10 |    11 ||    26
       Potion            |       |       |     1 |     8 ||     9
 Stab: Sleeping          |       |     2 |       |     9 ||    11
       Confused          |       |     3 |     7 |    12 ||    22
       Distracted        |       |       |     1 |       ||     1
       Invisible         |       |       |       |     1 ||     1
  Eat: Chunk             |     3 |    10 |    15 |    26 ||    54
